 Dungeon Crawl Stone Soup version 0.31-a0-963-ga325b2283a (webtiles) character file.

Game seed: 9767745064547089673

798 Revguard the Trooper (level 7, -10/44 HPs)
             Began as a Gargoyle Fighter on Oct 24, 2023.
             Was a Follower of the Shining One.
             Mangled by an ogre
             ... wielding a +0 giant spiked club
              (29 damage)
             ... on level 5 of the Dungeon.
             The game lasted 00:06:37 (3730 turns).

Revguard the Trooper (Gargoyle Fighter)             Turns: 3730, Time: 00:06:38

Health: -10/44     AC: 14    Str: 18 (19) XL:     7   Next: 90%
Magic:  9/9        EV:  9    Int:  8 (9)  God:    the Shining One [*.....]
Gold:   225        SH:  4    Dex: 10 (11) Spells: 6/6 levels left

rFire   . . .        a - +0 flail
rCold   . . .        c - +0 buckler
rNeg    + . .        b - +0 scale mail
rPois   ∞            (no helmet)
rElec   +            l - +0 cloak {rCorr}
rCorr   +            (no gloves)
SInv    .            r - +0 pair of boots
Will    .....        k - amulet of regeneration Stlth
                     (no ring)
HPRegen 1.07/turn    (no ring)
MPRegen 0.11/turn

%: no passive effects
@: glowing
A: sickness immunity, AC +4, negative energy resistance 1, electricity
resistance, torment resistance 1, petrification resistance
a: Renounce Religion, Divine Shield


You were on level 5 of the Dungeon.
You worshipped the Shining One.
The Shining One was aware of your devotion.
You visited 2 branches of the dungeon, and saw 6 of its levels.

You collected 225 gold pieces.

Inventory:

Hand Weapons
 a - a +0 flail (weapon)
 m - a +0 hammer
Armour
 b - a +0 scale mail (worn)
 c - a +0 buckler (worn)
 l - a +0 cloak of preservation (worn)
 r - a +0 pair of boots (worn)
Jewellery
 f - an amulet of magic regeneration
 k - an amulet of regeneration (around neck)
Scrolls
 d - 2 scrolls of identify
 j - a scroll of noise {unknown}
 o - a scroll of teleportation {unknown}
Potions
 e - a potion of heal wounds
 g - a potion of magic
 h - a potion of brilliance
 i - a potion of ambrosia
 n - 2 potions of curing
 p - a potion of invisibility


   Skills:
 * Level 5.4 Fighting
 * Level 4.4 Maces & Flails
 + Level 4.5 Armour
 + Level 2.1 Dodging
 + Level 4.4 Shields
 + Level 2.7 Invocations
 + Level 2.1 Evocations


You had 6 spell levels left.
You didn't know any spells.
Your spell library contained the following spells:

 Spells                   Type           Power      Damage    Failure   Level
 Magic Dart               Conj           0%         1d3       86%         1
 Searing Ray              Conj           0%         2d4       94%         2
 Fulminant Prism          Conj/Hex       0%         3d5       100%        4


Dungeon Overview and Level Annotations

Branches:
Dungeon (5/15)             Temple (1/1) D:4

Altars:
Ashenzari
Cheibriados
Dithmenos
Elyvilon
Fedhas
Gozag
Hepliaklqana
Makhleb
Nemelex Xobeh
Okawaru
Qazlal
Sif Muna
Trog
Uskayaw
Vehumet
Wu Jian
Xom
Yredelemnul
Zin
The Shining One


Innate Abilities, Weirdness & Mutations

You are immune to sickness and miasma.
Your stone body is resilient. (AC +4)
You are immune to poison.
You resist negative energy. (rN+)
You are resistant to electric shocks. (rElec)
You are resistant to unholy torment.
You are immune to petrification.


Message History

The adder is moderately wounded.
The adder bites you but does no damage. x2
You hit the adder.
The adder is heavily wounded.
The adder bites you but does no damage. x2
You hit the adder.
The adder is severely wounded.
The adder bites you but does no damage.
You completely miss the adder.
The adder is severely wounded.
The adder bites you but does no damage. The adder misses you.
You completely miss the adder.
The adder is severely wounded.
The adder misses you.
You hit the adder.
You kill the adder!
The sleepcap releases spores at you but does no damage.
You sock the sleepcap!
The sleepcap is heavily damaged.
The sleepcap closely misses you.
You hit the sleepcap.
The sleepcap is heavily damaged.
The sleepcap releases spores at you but does no damage.
You sock the sleepcap!
The sleepcap is almost destroyed.
The sleepcap barely misses you.
You hit the sleepcap but do no damage.
The sleepcap is almost destroyed.
The sleepcap closely misses you. You block the sleepcap's attack.
You sock the sleepcap!
You destroy the sleepcap!
You sock the ogre!
The ogre is moderately wounded.
The ogre hits you with a +0 giant spiked club!!
Ouch! That really hurt!
You hit the ogre.
The ogre is heavily wounded.
The ogre hits you with a +0 giant spiked club!!
Ouch! That really hurt!
You die...

....☼☼§#..#..........#
..○._..#..##..############# ##
##....☼#..##..###.###..#..#...
......§...^...................
..............................
....%.........<.......)$......
.........)....................
##+##...####.###O#######..##..
...###### ### #@# ..#
......... #...# .# .........
#...# .. ......>.. #...# .+
)........ '...' .# .........
.#...# ...###..# .###..#
######..# #' #..# ........#


You could see an ogre.

Vanquished Creatures
  The ghost of Conn the Sneak, an amateur OpFE of Xom (D:4)
  A black bear (D:4)
  2 centaurs (D:5)
  A phantom (D:4)
  2 bullfrog zombies (D:4)
  A hound (D:5)
  Crazy Yiuf (D:2)
  Terence (D:2)
  A sleepcap (D:5)
  5 adders
  A shadow imp (D:5)
  A white imp (D:5)
  A worm (D:3)
  3 dart slugs
  5 orcs
  5 bats
  4 endoplasms
  5 giant cockroaches
  6 goblins
  2 hobgoblins
  5 jackals
  7 kobolds
  4 quokkas
  10 ball pythons
  2 frilled lizards (D:3)
  2 rats (D:3)
79 creatures vanquished.

Notes
Turn   | Place    | Note
-------+----------+-------------------------------------------
     0 | D:1      | Revguard the Gargoyle Fighter began the quest for the Orb.
     0 | D:1      | Reached XP level 1. HP: 14/14 MP: 1/1
   140 | D:1      | Found a faded altar of an unknown god.
   199 | D:1      | Reached XP level 2. HP: 19/19 MP: 2/2
   524 | D:1      | You fall into a shaft and drop 1 floor!
   581 | D:2      | Reached XP level 3. HP: 19/23 MP: 3/3
  1048 | D:2      | Noticed Terence
  1061 | D:2      | Killed Terence
  1062 | D:2      | Reached skill level 1 in Dodging
  1062 | D:2      | Reached skill level 1 in Invocations
  1062 | D:2      | Reached XP level 4. HP: 25/29 MP: 4/4
  1296 | D:2      | Found a runed translucent door.
  1297 | D:2      | Noticed Crazy Yiuf
  1832 | D:2      | Killed Crazy Yiuf
  1833 | D:2      | Reached skill level 4 in Fighting
  1833 | D:2      | Reached skill level 1 in Evocations
  1956 | D:3      | Found a glowing golden altar of the Shining One.
  1965 | D:3      | Reached XP level 5. HP: 33/33 MP: 5/5
  1998 | D:3      | Became a worshipper of the Shining One
  2252 | D:3      | Found a glowing silver altar of Zin.
  2760 | D:4      | Noticed a black bear
  2761 | D:4      | Noticed a phantom
  2770 | D:4      | Killed a black bear
  2771 | D:4      | Reached XP level 6. HP: 33/39 MP: 7/7
  2840 | D:4      | Found a staircase to the Ecumenical Temple.
  2856 | Temple   | Entered the Ecumenical Temple
  3028 | D:4      | Found an opulent altar of Gozag.
  3033 | D:4      | Found a runed translucent gate.
  3033 | D:4      | Found a runed translucent gate.
  3034 | D:4      | Found a runed translucent gate.
  3036 | D:4      | Noticed Conn's ghost (amateur OpFE)
  3054 | D:4      | Killed Conn's ghost
  3055 | D:4      | Reached XP level 7. HP: 40/44 MP: 8/8
  3061 | D:4      | Reached skill level 5 in Fighting
  3274 | D:4      | Found a bloodstained altar of Trog.
  3276 | D:4      | Found a basalt altar of Yredelemnul.
  3277 | D:4      | Found a hazy altar of Hepliaklqana.
  3277 | D:4      | Found a broken altar of Ashenzari.
  3396 | D:5      | Entered Level 5 of the Dungeon
  3604 | D:5      | Found a radiant altar of Vehumet.
  3702 | D:5      | Reached * piety under the Shining One
  3730 | D:5      | Mangled by an ogre

Illustrated notes

Levels and vault maps discovered:
D:1:      dpeg_arrival_solitude, layout_basic, basic_ecumenical_altar
D:2:      layout_basic, uniq_terence, uniq_crazy_yiuf_cottage
D:3:      layout_basic, tso_metal_star, lemuel_tele_altar,
          hangedman_decor_riveting, serial_bayou_crossing
D:4:      layout_loops_ring, kennysheep_mini_moat,
          chequers_temple_overflow_statue_of_worship,
          minmay_temple_entry_statues_pillars, gammafunk_ghost_necromancy,
          amethyst_killhole, chequers_mini_garden, minivault_26
D:5:      layout_gridville, fiery_altar_vehumet
Temple:   nicolae_temple_bog_church

Skill      XL: |  1  2  3  4  5  6  7 |
---------------+----------------------+-----
Dodging        | 1 2 |  2.1
Invocations    | 1 2 |  2.7
Fighting       | 4 5 |  5.4
Evocations     | 1 2 |  2.1
Maces & Flails | 3 4 |  4.4
Armour         | 4 |  4.5
Shields        | 4 |  4.4

Action                     |  1- 3 |  4- 6 |  7- 9 || total
---------------------------+-------+-------+-------++-------
  Melee: Flail             |   100 |    71 |    69 ||   240
         Mace              |       |    86 |       ||    86
    Use: Potion            |       |     2 |     5 ||     7
         Scroll            |       |       |     2 ||     2
 Armour: Scale mail        |    78 |   147 |    85 ||   310
  Dodge: Dodged            |    39 |    87 |    49 ||   175
  Block: Buckler           |    26 |    48 |    27 ||   101

Table legend: (Time is in decaauts)
 A = Elapsed time spent in this place.
 B = Non-inter-level travel time spent in this place.
 C = Inter-level travel time spent in this place.
 D = Time resting spent in this place.
 E = Time spent auto-exploring this place.
 F = Levels seen in this place.
 G = Mean time per level.
                   A        B        C        D        E       F      G
               +--------+--------+--------+--------+--------+-----+--------+
         Total |   3844 |   3471 |    373 |      0 |   2588 |   6 |  640.7 |
       Dungeon |   3842 |   3470 |    372 |      0 |   2588 |   5 |  768.4 |
        Temple |      1 |      0 |      1 |      0 |      0 |   1 |    1.0 |
               +--------+--------+--------+--------+--------+-----+--------+

Top non-repeatable levels by time:
     D:2: 1128 daAuts
     D:4: 802 daAuts
     D:1: 801 daAuts
     D:3: 764 daAuts
     D:5: 345 daAuts
  Temple: 1 daAuts
